 Dungeon Crawl Stone Soup version 0.30-a0-424-g7412bad402 (webtiles) character file.

Game seed: 16479118617299118273

44 McMuffin the Insei (level 3, -6/26 HPs)
             Began as a Demonspawn Transmuter on Dec 9, 2022.
             Mangled by a gnoll
             ... wielding a +0 spear
              (9 damage)
             ... on level 2 of the Dungeon.
             The game lasted 00:06:13 (954 turns).

McMuffin the Insei (Demonspawn Transmuter)           Turns: 954, Time: 00:06:13

Health: -6/26      AC:  2    Str: 12    XL:     3   Next: 39%
Magic:  5/6        EV: 12    Int: 14    God:
Gold:   43         SH:  0    Dex: 13    Spells: 5/6 levels left

rFire   . . .      SeeInvis .      - Unarmed
rCold   . . .      Faith    .    (no shield)
rNeg    . . .      Spirit   .    a - +0 robe
rPois   .          Reflect  .    (helmet currently unavailable)
rElec   .          Harm     .    (no cloak)
rCorr   .          Rampage  .    (no gloves)
Will    .....                    (boots currently unavailable)
Stlth   +.........               (no amulet)
HPRegen 0.24/turn                (no ring)
MPRegen 0.10/turn                (no ring)

@: appendages
A: horns 2, talons 2, demonic touch 1
a: End Transformation


You were on level 2 of the Dungeon.
You had temporarily grown beastly horns and talons.
You visited 1 branch of the dungeon, and saw 2 of its levels.

You collected 43 gold pieces.

Inventory:

Missiles
 f - 5 atropa-tipped darts
Armour
 a - a +0 robe (worn)
Wands
 i - a wand of polymorph (11)
Scrolls
 c - 2 scrolls of teleportation {unknown}
 h - a scroll of identify {unknown}
 j - a scroll of summoning {unknown}
Potions
 b - a potion of curing
 d - a potion of attraction {unknown}
 e - a potion of cancellation {unknown}
 g - a potion of flight {unknown}


   Skills:
 + Level 1.3 Fighting
 + Level 2.2 Dodging
 + Level 0.1 Stealth
 + Level 3.2 Unarmed Combat
 + Level 2.3 Spellcasting
 + Level 2.1 Transmutations


You had 5 spell levels left.
You knew the following spells:

 Your Spells              Type           Power      Damage    Failure   Level
a - Beastly Appendage     Tmut           14%        N/A       10%         1

Your spell library contained the following spells:

 Spells                   Type           Power      Damage    Failure   Level
 Wereblood                Tmut           7%         N/A       14%         2
 Spider Form              Tmut/Pois      4%         N/A       41%         3
 Ice Form                 Ice/Tmut       4%         N/A       83%         4


Dungeon Overview and Level Annotations

Branches:
Dungeon (2/15)

Altars:


Innate Abilities, Weirdness & Mutations

You have temporarily grown beastly horns and talons.
Your touch may inflict minor irresistible damage on your foes.


Message History

Found a fuming ruby potion.
b - 2 fuming ruby potions (gained 1)
Found a stone staircase leading up. 2 gnolls come into view.
The gnoll moves out of view.
The gnoll shouts!
A gnoll comes into view. It is wielding a +0 club.
The gnoll misses you.
You barely miss the gnoll.
The gnoll shouts!
The gnoll misses you.
You completely miss the gnoll.
You touch the gnoll!
The gnoll is severely wounded.
The gnoll hits you with a +0 spear. The gnoll attacks as you move away!
The gnoll completely misses you.
The gnoll hits you from afar with a +0 spear.
The gnoll barely misses you.
The gnoll hits you from afar with a +0 spear.
Casting: Beastly Appendage (safe; 10% risk of failure)
Press: ? - help, Q - select action, (/) - cycle Dir - look around, f - activate You grow a pair of large bovine horns.
Your feet morph into talons.
The gnoll hits you from afar with a +0 spear.
The gnoll hits you with a +0 club.
You closely miss the gnoll. Your kick misses the gnoll. You headbutt the gnoll!
You touch the gnoll.
You kill the gnoll!
The gnoll hits you from afar with a +0 spear!
* * * LOW HITPOINT WARNING * * *
It was a potion of curing.
You feel better. The gnoll hits you with a +0 club.
The gnoll hits you from afar with a +0 spear!
* * * LOW HITPOINT WARNING * * *
Unknown command.
You barely miss the gnoll.
The gnoll hits you from afar with a +0 spear.
* * * LOW HITPOINT WARNING * * *
You barely miss the gnoll.
You touch the gnoll.
The gnoll is heavily wounded.
The gnoll misses you.
The gnoll hits you from afar with a +0 spear!
You die...

...<.. ###..<..# .....
#...##### #...# #....#
#...# ##....### #...#
#(......###
######...#######....##.##[
.......................##.
..........................
........g@.......#.##..##.
######...#######.#..#..##.
. #. #.g.# #.......###
.##. #...# #.......# S ...
##...## #.......### #.
#.######.!...####
#.......##.
.#.##...............#
#..........
..........)......##)#
#.).....###
#..............#.#
#.......#


You could see 2 gnolls.

Vanquished Creatures
  A gnoll (D:2)
  2 dart slugs (D:1)
  A bat (D:1)
  5 endoplasms (D:2)
  3 goblins
  3 hobgoblins
  2 jackals (D:1)
  A quokka (D:2)
  2 ball pythons (D:1)
  3 frilled lizards (D:1)
  3 kobolds
  2 rats
28 creatures vanquished.

Notes
Turn   | Place    | Note
-------+----------+-------------------------------------------
     0 | D:1      | McMuffin the Demonspawn Transmuter began the quest for the
                  | Orb.
     0 | D:1      | Reached XP level 1. HP: 15/15 MP: 3/3
   211 | D:1      | Gained mutation: Your touch may inflict minor irresistible
                  | damage on your foes. [demonic ancestry]
   211 | D:1      | Reached XP level 2. HP: 15/21 MP: 5/5
   461 | D:1      | Reached skill level 3 in Unarmed Combat
   837 | D:2      | Reached XP level 3. HP: 25/26 MP: 4/6
   954 | D:2      | Mangled by a gnoll

Illustrated notes

Levels and vault maps discovered:
D:1:      heliophobic_arrival_glass_houses, layout_basic
D:2:      layout_loops_cross

Skill      XL: |  1  2 |
---------------+-------+-----
Unarmed Combat | 3 |  3.2
Transmutations | 2 |  2.1
Dodging        | 2 |  2.2
Fighting       | |  1.3
Stealth        | |  0.1
Spellcasting   | |  2.3

Action                   || total
-------------------------++-------
Melee: Unarmed           ||    71
       Headbutt          ||    11
       Kick              ||    10
       Touch             ||     7
 Cast: Beastly Appendage ||    16
  Use: Potion            ||     2
 Stab: Sleeping          ||     1
Armor: Skin              ||     6
       Robe              ||     5
Dodge: Dodged            ||    38

Table legend: (Time is in decaauts)
 A = Elapsed time spent in this place.
 B = Non-inter-level travel time spent in this place.
 C = Inter-level travel time spent in this place.
 D = Time resting spent in this place.
 E = Time spent auto-exploring this place.
 F = Levels seen in this place.
 G = Mean time per level.
                   A        B        C        D        E       F      G
               +--------+--------+--------+--------+--------+-----+--------+
         Total |    949 |    945 |      4 |     54 |      0 |   2 |  474.5 |
       Dungeon |    949 |    945 |      4 |     54 |      0 |   2 |  474.5 |
               +--------+--------+--------+--------+--------+-----+--------+

Top non-repeatable levels by time:
     D:1: 734 daAuts
     D:2: 214 daAuts
